Map: Heavy Artillery LE

Players

qqq

  • Race: Zerg Zerg
  • Spawn Location: 1:00

Massa

  • Race: Terran Terran
  • League: Platinum
  • Spawn Location: 3:00

kytsyr - Winner!

  • Race: Protoss Protoss
  • League: Diamond
  • Spawn Location: 7:00

StereoClub - Winner!

  • Race: Protoss Protoss
  • League: Master
  • Spawn Location: 7:00

VOD

Have the link to the VOD?

Description

Time

  • Played on: Nov. 15, 2020, 7:28 a.m.
  • Length: 8:59
Show
View Real Time Build Order
Export as new Build Order

qqq Zerg 

Build Orders: Hatch First 

Get SALT Encoding   

  12  0:00  Drone  
  13  0:08  Drone  
  14  0:18  Overlord  
  14  0:47  Drone  
  15  0:51  Drone  
  15  0:55  Hatchery  
  15  0:57  Drone  
  16  1:08  Drone  
  17  1:13  Drone  
  17  1:14  Extractor  
  17  1:24  Spawning Pool  
  16  1:27  Drone  
  17  1:33  Drone  
  18  1:42  Drone  
  19  1:57  Drone  
  20  2:03  Overlord  
  20  2:12  Baneling Nest  
  20  2:13  Queen  
  20  2:15  Queen  
  23  2:18  Drone  
  23  2:22  Zergling x2  
  25  2:31  Zergling x2  
  26  2:38  Metabolic Boost  
  26  2:40  Zergling x2  
  26  2:43  Zergling x2  
  28  2:45  Drone, Zergling x2  
  30  2:53  Zergling x2  
  30  2:55  Drone  
  32  2:59  Zergling x2  
  32  3:03  Baneling x2  
  33  3:07  Baneling  
  33  3:08  Zergling x2  
  33  3:10  Drone  
  35  3:16  Drone  
  36  3:20  Baneling  
  36  3:22  Overlord  
  36  3:23  Overlord  
  36  3:26  Baneling  
  36  3:34  Overlord  
  36  3:40  Zergling x2  
  37  3:44  Zergling x4  
  37  3:46  Zergling x2  
  37  3:47  Zergling x4  
  42  3:50  Baneling  
  42  3:51  Baneling  
  42  4:03  Zergling x8  
  42  4:04  Zergling x4  
  47  4:14  Zergling x4  
  47  4:15  Zergling x4  
  49  4:37  Spore Crawler  
  48  4:39  Lair  
  48  4:40  Zergling x6, Spore Crawler  
  48  4:44  Drone x2  
  52  4:50  Spore Crawler  
  51  4:55  Spore Crawler  
  51  4:58  Zergling x2  
  51  4:59  Drone  
  52  5:18  Baneling  
  52  5:19  Baneling x5  
  51  5:23  Drone  
  51  5:24  Drone x4  
  51  5:25  Zergling x2  
  57  5:40  Drone x3  
  57  5:41  Extractor  
  56  5:52  Baneling x4  
  56  5:55  Drone x3  
  56  5:56  Drone  
  59  5:58  Extractor  
  59  6:00  Extractor  
  52  6:26  Drone x4  
  56  6:51  Queen  
  58  6:58  Drone  
  58  7:17  Hatchery, Spire  
  54  7:27  Extractor  
  53  7:39  Drone  
  53  7:40  Hatchery, Infestation Pit  
  44  7:58  Spine Crawler  
  44  7:59  Spine Crawler  
  44  8:01  Spine Crawler  
  44  8:02  Spine Crawler  
  38  8:09  Drone x5  
  38  8:10  Drone x3  
  45  8:21  Drone x2  
  45  8:22  Drone x3, Zergling x2  
  45  8:25  Overlord x2  
  45  8:26  Overlord x4  
Show
View Real Time Build Order
Export as new Build Order

Massa Terran 

Build Orders:  

Get SALT Encoding   

  12  0:00  SCV  
  13  0:12  SCV  
  14  0:24  SCV  
  14  0:25  Supply Depot  
  15  0:46  SCV  
  15  0:48  Barracks  
  16  0:52  Refinery  
  16  0:59  SCV  
  17  1:11  SCV  
  18  1:23  SCV  
  19  1:35  Barracks  
  19  1:37  Barracks Tech Lab  
  19  1:42  Orbital Command  
  19  1:43  Barracks  
  19  1:58  Marine  
  20  2:08  SCV  
  21  2:15  Stimpack  
  21  2:17  Marauder  
  23  2:29  Supply Depot  
  23  2:31  Barracks Reactor  
  23  2:32  Supply Depot  
  23  2:51  Barracks Reactor  
  23  2:57  Marine  
  24  3:07  Marine x2  
  26  3:16  Marauder  
  26  3:17  Refinery  
  28  3:25  Marine x2  
  30  3:27  Marine x2  
  32  3:37  Marauder  
  34  3:43  Marine x2  
  34  3:45  Marine x2  
  38  3:58  Concussive Shells  
  38  4:00  Marine  
  39  4:04  Supply Depot  
  39  4:07  Marine  
  39  4:12  Marine  
  39  4:26  Marauder, Marine x3  
  39  4:40  Marine  
  39  4:43  Marine x3  
  42  4:48  Marauder  
  44  4:58  Marine  
  45  5:01  Marine  
  46  5:11  Marine  
  47  5:50  Engineering Bay  
  47  5:52  Supply Depot  
  47  6:03  Factory  
  47  6:10  Supply Depot  
  46  6:13  Marine x2  
  47  6:31  Marine  
  47  6:32  Marauder  
  50  6:36  Missile Turret  
  50  6:37  Terran Infantry Weapons Level 1  
  50  6:50  Factory Tech Lab  
  50  6:53  Marauder  
  52  6:55  Starport  
  52  7:26  Barracks Tech Lab  
  52  7:34  Cyclone, Missile Turret  
  52  7:35  Missile Turret  
  55  7:37  Starport Reactor  
  55  7:49  Supply Depot  
  53  8:10  Marine x2  
  53  8:11  Marine x2  
  30  8:28  Marine x3  
Show
View Real Time Build Order
Export as new Build Order

kytsyr Protoss - Winner!

Build Orders:  

Get SALT Encoding   

  12  0:01  Probe (Chrono Boost)  
  13  0:13  Probe (Chrono Boost)  
  14  0:19  Probe (Chrono Boost)  
  15  0:21  Pylon  
  15  0:39  Probe  
  16  0:58  Probe (Chrono Boost)  
  16  1:02  Gateway  
  17  1:05  Assimilator  
  17  1:06  Pylon  
  17  1:10  Probe (Chrono Boost)  
  18  1:14  Assimilator  
  18  1:15  Probe (Chrono Boost)  
  19  1:24  Probe  
  20  1:36  Probe  
  21  1:48  Probe  
  21  1:51  Cybernetics Core  
  22  2:00  Probe  
  23  2:12  Probe  
  24  2:16  Nexus  
  24  2:30  Stargate  
  24  2:33  Shield Battery  
  24  2:36  Probe  
  25  2:42  Warp Gate  
  25  2:48  Probe  
  26  2:55  Assimilator  
  26  3:00  Assimilator  
  26  3:10  Probe, Void Ray (Chrono Boost)  
  31  3:23  Pylon  
  31  3:27  Probe  
  31  3:34  Probe  
  33  3:40  Probe, Void Ray (Chrono Boost)  
  38  4:03  Fleet Beacon  
  38  4:06  Probe x2  
  40  4:43  Robotics Facility  
  40  4:45  Stargate  
  40  4:46  Probe x2  
  42  5:48  Immortal  
  46  5:53  Robotics Bay  
  46  5:55  Pylon  
  46  5:57  Pylon  
  46  6:03  Pylon x2  
  46  6:05  Pylon  
  46  6:07  Pylon  
  46  6:11  Void Ray (Chrono Boost), Mothership (Chrono Boost)  
  58  6:40  Void Ray  
  62  7:02  Disruptor  
  61  7:18  Void Ray  
  61  7:28  Nexus  
  65  7:30  Pylon  
  65  7:34  Pylon  
  61  7:38  Disruptor  
  64  7:47  Twilight Council  
  64  7:48  Probe (Chrono Boost)  
  65  7:52  Pylon  
  65  7:53  Probe (Chrono Boost)  
  65  7:54  Pylon  
  65  7:56  Probe (Chrono Boost)  
  65  7:58  Probe (Chrono Boost), Pylon  
  67  8:00  Probe (Chrono Boost)  
  69  8:07  Probe  
  69  8:12  Probe  
  71  8:19  Probe  
  72  8:24  Probe  
Show
View Real Time Build Order
Export as new Build Order

StereoClub Protoss - Winner!

Build Orders:  

Get SALT Encoding   

  12  0:16  Probe  
  13  0:26  Pylon  
  13  0:29  Probe  
  14  0:41  Probe  
  15  0:51  Gateway  
  15  0:52  Gateway  
  15  0:54  Probe  
  16  1:03  Assimilator  
  16  1:06  Assimilator  
  16  1:10  Probe (Chrono Boost)  
  18  1:19  Probe (Chrono Boost)  
  18  1:24  Probe (Chrono Boost)  
  19  1:36  Probe  
  19  1:39  Cybernetics Core  
  20  1:45  Pylon  
  20  1:48  Probe  
  21  2:01  Gateway  
  21  2:02  Probe  
  22  2:13  Gateway  
  22  2:16  Probe  
  22  2:17  Warp Gate (Chrono Boost)  
  23  2:29  Stalker  
  25  2:37  Stalker  
  25  2:44  Pylon  
  27  3:20  Pylon  
  27  3:40  Pylon  
  27  3:51  Stalker x2  
  27  3:52  Stalker x2  
  35  4:17  Stalker x4  
  43  4:41  Shield Battery  
  43  4:43  Shield Battery, Sentry  
  43  4:45  Stalker x3  
  51  5:03  Pylon  
  51  5:19  Sentry  
  53  5:27  Stalker x3  
  59  5:36  Pylon  
  59  5:47  Gateway  
  59  5:51  Sentry  
  59  5:52  Stalker  
  59  5:56  Stalker  
  65  5:59  Stalker  
  67  6:22  Pylon  
  67  6:29  Pylon  
  67  6:31  Pylon  
  67  7:01  Pylon  
  67  7:02  Stalker x4  
  67  7:06  Probe  
  76  7:14  Twilight Council  
  76  7:25  Sentry x2  
  76  7:29  Sentry  
  82  7:30  Zealot  
  82  7:59  Sentry  
  78  8:18  Stalker  
  78  8:19  Sentry  
  76  8:36  Stalker x2  
  76  8:38  Nexus  
Tags
 
Add a new tag
Caveats
  • Supply blocks, unpowered buildings, or Contaminate may cause inaccurate times.
  • Supply counts are checked every 10 seconds.